AoeStats
← BOT Cangri

MegaRandom

503771122Analyzed
1v1 RM · 1mo ago on Sep 2, 2026· 49m 20s· 2 players
Game mode
Random Map
Map size
Tiny (2 player)
Population
200
Speed
Normal
Resources
Standard
Victory
Conquest
Starting age
Dark Age
Ending age
Imperial Age
RankedLock teamsTeams togetherTeam positionsShared explorationLock speedFull tech treeHidden civsTurbo modeCheats
Victory
Defeat
🇨🇱 Franks · Chile
1000
+50
🇨🇿 Vietnamese · Czechia
1016
-17
BOT Cangri
10:03 Feudal Age
9:33 Loom
11:53 Double-Bit Axe
14:28 Wheelbarrow
16:52 Castle Age
17:36 Forging
18:53 Town Watch
20:41 Gold Mining
22:22 Bow Saw
24:35 Stone Mining
30:20 Hand Cart
32:39 Imperial Age
31:09 Iron Casting
30:35 Scale Mail Armor
30:29 Fletching
31:27 Gold Shaft Mining
31:16 Town Patrol
32:01 Padded Archer Armor
32:34 Ballistics
32:24 Scale Barding Armor
32:23 Padded Archer Armor
32:20 Bodkin Arrow
32:43 Husbandry
32:04 Light Cavalry
33:50 Fortified Wall
33:38 Murder Holes
34:44 Chemistry
33:28 Elite Skirmisher
33:40 Cavalier
35:13 Conscription
35:17 Leather Archer Armor
36:29 Blast Furnace
36:49 Chain Barding Armor
37:02 Chivalry
36:27 Paladin
39:17 Plate Barding Armor
38:42 Scale Mail Armor
40:55 Masonry
40:50 Siege Engineers
40:55 Careening
41:03 Chain Mail Armor
40:15 Elite Throwing Axeman
41:15 #83
43:12 Plate Mail Armor
43:27 Pikeman
43:52 Gambesons
44:07 Squires
44:43 Halberdier
48:28 Arson
Tady je Německo
7:50 Loom
10:05 Feudal Age
10:39 Double-Bit Axe
10:40 Horse Collar
11:55 Town Watch
13:21 Fletching
17:58 Wheelbarrow
19:10 Forging
23:10 Castle Age
24:28 Stone Mining
24:29 Gold Mining
24:52 Bow Saw
24:17 Crossbowman
25:58 Padded Archer Armor
26:29 Hand Cart
26:21 Bodkin Arrow
26:21 Pikeman
28:15 Thumb Ring
32:11 Iron Casting
31:37 Scale Mail Armor
32:21 Ballistics
37:25 Imperial Age
36:25 Leather Archer Armor
37:35 Town Patrol
37:53 Chain Mail Armor
37:50 Squires
39:13 Chemistry
37:53 Arbalester
39:00 Bracer
44:40 Scale Barding Armor
45:06 Ring Archer Armor
44:58 Bloodlines
44:49 Husbandry
46:55 Chain Barding Armor
48:16 Elite Skirmisher
Connection lost

Rejoining the realm…

Still unreachable

The connection could not be restored.

Session expired

The server has moved on; the page needs a fresh start.